 Dungeon Crawl Stone Soup version 0.21-a0-414-gba8bdf1 (webtiles) character file.

368 Xenofane the Slasher (level 6, -1/48 HPs)
             Began as a Demonspawn Chaos Knight on Nov 2, 2017.
             Slain by an iguana (10 damage)
             ... on level 6 of the Dungeon.
             The game lasted 00:10:55 (4689 turns).

Xenofane the Slasher (Demonspawn Chaos Knight)      Turns: 4689, Time: 00:10:56

Health: -1/48      AC:  8    Str: 14    XL:     6   Next: 41%
Magic:  6/6        EV: 11    Int: 15    God:    Xom [....*.]
Gold:   312        SH:  0    Dex: 13    Spells: 5/5 levels left

rFire    . . .     SeeInvis .   a - +1 falchion (chaos)
rCold    . . .     Gourm    .   (no shield)
rNeg     . . .     Faith    .   b - +2 leather armour
rPois    .         Spirit   .   (helmet restricted)
rElec    .         Reflect  .   x - +0 cloak
rCorr    .         Harm     .   e - +0 pair of gloves
MR       .....                  d - +0 pair of boots
Stlth    +.........             (no amulet)
HPRegen  0.16/turn              (no ring)
MPRegen  0.10/turn              (no ring)

@: no status effects
A: antennae 2, fangs 1, clever 1, powered by death 1
a: Renounce Religion


You were on level 6 of the Dungeon.
You worshipped Xom.
You were a beloved toy of Xom.
You were not hungry.

You visited 1 branch of the dungeon, and saw 6 of its levels.

You collected 312 gold pieces.

Inventory:

Hand Weapons
 a - a +1 falchion of chaos (weapon)
 g - a +0 flail
 t - a +1 falchion of pain
 z - a +0 hunting sling
Missiles
 f - 56 sling bullets
 k - 121 stones (quivered)
 m - 126 arrows
Armour
 b - a +2 leather armour (worn)
 d - a +0 pair of boots (worn)
 e - a +0 pair of gloves (worn)
 j - a +0 scale mail
 q - a +0 ring mail
 r - a +0 chain mail
 x - a +0 cloak (worn)
 y - a +0 shield
Wands
 h - a wand of disintegration (15/24)
 u - a wand of digging (9/24)
 A - a wand of polymorph (8/24)
Scrolls
 o - a scroll of summoning
 s - 2 scrolls of teleportation
 v - 2 scrolls of remove curse
Potions
 i - 2 potions of magic {unknown}
Comestibles
 c - 2 bread rations
 l - a meat ration
 n - a chunk of flesh
 p - a fruit
 w - a royal jelly


   Skills:
 * Level 3.9 Fighting
 + Level 6.1 Long Blades
 - Level 1.8 Armour
 - Level 0.9 Dodging


You had 5 spell levels left.
You didn't know any spells.

Dungeon Overview and Level Annotations

Branches:
Dungeon (6/15)
 Temple: D:4-7

Altars:
Dithmenos
Elyvilon
Xom

Annotations:
D:4 Grinder


Innate Abilities, Weirdness & Mutations

You have a pair of antennae on your head.
You regenerate a little health from kills.
You have very sharp teeth.
Your mind is acute. (Int +2)


Message History

You hit the iguana but do no damage. The iguana barely misses you.
You hit the iguana.
The iguana seems to slow down.
You freeze the iguana.
The iguana is lightly wounded.
You closely miss the iguana.
The iguana is lightly wounded.
The iguana misses you.
You closely miss the iguana.
The iguana is lightly wounded.
You slash the iguana!
The iguana shakes off its lethargy.
The iguana goes berserk!
The iguana is severely wounded.
The iguana bites you! The iguana bites you.
You barely miss the iguana.
The iguana is severely wounded.
The iguana bites you!
* * * LOW HITPOINT WARNING * * *
You hit the iguana but do no damage.
The iguana is severely wounded.
The iguana bites you!
You die...

#.# ...
#.# #.#
#.# #.#
..### #l#
......##@#
.....).<.#
......####
###.. ##


You could see an iguana (berserk).

Vanquished Creatures
  A bullfrog zombie (D:5)
  A hound (D:5)
  A worker ant (D:5)
  Terence (D:3)
  A hound skeleton (D:5)
  3 gnolls (D:5)
  8 adders
  A worm (D:2)
  2 dart slugs (D:1)
  2 leopard geckos
  11 orcs
  A ball python (D:1)
  12 bats
  4 giant cockroaches
  9 goblins
  12 hobgoblins
  12 jackals
  2 quokkas (D:3)
  A ball python skeleton (D:4)
  4 frilled lizards
  A jackal zombie (D:5)
  6 kobolds
  6 rats
102 creatures vanquished.

Vanquished Creatures (others)
  A wyvern (D:5)
1 creature vanquished.

Grand Total: 103 creatures vanquished

Notes
Turn   | Place    | Note
-------+----------+-------------------------------------------
     0 | D:1      | Xenofane the Demonspawn Chaos Knight began the quest for the Orb.
     0 | D:1      | Reached XP level 1. HP: 18/18 MP: 1/1
   134 | D:1      | Gained mutation: You have a pair of small antennae on your head. [demonic ancestry]
   134 | D:1      | Reached XP level 2. HP: 18/24 MP: 2/2
   192 | D:1      | XOM: divination: detect creatures
   257 | D:1      | XOM: enchant monster (good)
   258 | D:1      | XOM: confusion (+ monsters)
   264 | D:1      | Reached skill level 3 in Long Blades
   333 | D:1      | XOM: polymorph leopard gecko -> frilled lizard
   351 | D:1      | Reached XP level 3. HP: 29/29 MP: 3/3
   696 | D:1      | XOM: god gift: 13 stones
   722 | D:2      | Reached skill level 4 in Long Blades
   785 | D:1      | XOM: 1-stop teleportation journey
   960 | D:2      | Gained mutation: You have a pair of antennae on your head. [demonic ancestry]
   960 | D:2      | Reached XP level 4. HP: 31/35 MP: 4/4
  1075 | D:2      | XOM: chaos upgrade
  1284 | D:2      | You fall through a shaft!
  1515 | D:3      | XOM: god gift: potion of heal wounds
  1838 | D:3      | Noticed Terence
  1849 | D:3      | Killed Terence
  1873 | D:3      | XOM: god gift: 64 gold pieces
  1976 | D:3      | Reached skill level 5 in Long Blades
  1976 | D:3      | Reached XP level 5. HP: 41/41 MP: 5/5
  2105 | D:3      | XOM: mild Tmut miscast
  2341 | D:4      | Noticed Grinder
  2482 | D:4      | XOM: cleaving
  2674 | D:4      | XOM: fog
  2675 | D:5      | XOM: stealth player
  2675 | D:5      | Entered Level 5 of the Dungeon
  3234 | D:5      | XOM: scenery: create altars
  3308 | D:5      | XOM: 1-stop teleportation journey
  3328 | D:5      | Gained mutation: You regenerate a little health from kills. [demonic ancestry]
  3328 | D:5      | Reached XP level 6. HP: 34/48 MP: 6/6
  4022 | D:5      | Found a shadowy altar of Dithmenos.
  4090 | D:5      | Noticed a sky beast
  4090 | D:5      | XOM: fog
  4093 | D:5      | Noticed a wyvern
  4093 | D:5      | a sky beast changed into a wyvern
  4093 | D:5      | XOM: polymorph sky beast -> wyvern
  4094 | D:5      | Killed a wyvern
  4094 | D:5      | XOM: divine lightning
  4114 | D:5      | Reached skill level 6 in Long Blades
  4155 | D:5      | Gained mutation: You have very sharp teeth. [mutagenic meat]
  4156 | D:5      | Gained mutation: Your mind is acute. (Int +2) [mutagenic meat]
  4172 | D:4      | XOM: 9-stop teleportation journey
  4185 | D:4      | Paralysed by Grinder for 2 turns
  4311 | D:5      | XOM: scenery: 1 doors open
  4322 | D:5      | XOM: cloud trail
  4455 | D:5      | Found a white marble altar of Elyvilon.
  4689 | D:6      | Slain by an iguana

Vault maps used:
D:1:      minmay_arrival_cross
D:3:      first_bread, uniq_terence
D:4:      uniq_grinder, uniq_duvessa
D:5:      lemuel_round_altar, elyvilon_altar_1
D:6:      minmay_temple_entry_glass, basic_altar, serial_shops, shop,
          uniq_edmund, uniq_sigmund

Skill      XL: |  1  2  3  4  5  6 |
---------------+-------------------+-----
Long Blades    | 3 4 5 6 |  6.1
Fighting       | |  3.9
Armour         | |  1.8
Dodging        | |  0.9

Action                   |  1- 3 |  4- 6 || total
-------------------------+-------+-------++-------
Melee: Falchion          |   117 |   257 ||   374
       Bite              |       |     1 ||     1
Throw: Stone             |     9 |     5 ||    14
  Use: Potion            |     2 |     5 ||     7
       Scroll            |     1 |     9 ||    10
 Stab: Petrified         |     5 |       ||     5
       Petrifying        |     2 |       ||     2
       Sleeping          |       |     2 ||     2
  Eat: Chunk             |       |     9 ||     9
       Bread ration      |       |     2 ||     2
Armor: Leather armour    |    67 |    69 ||   136
       Skin              |       |    66 ||    66
Dodge: Dodged            |    78 |   139 ||   217
       Rpst.: Falchion   |    28 |    49 ||    77

Table legend:
 A = Spawn XP
 B = Non-spawn XP
 C = Spawn XP percentage of total XP
 D = Spawn monster count
 E = Non-spawn monster count
 F = Spawn count percentage of total count
 G = Total turns spent on level
                    A         B        C        D         E        F      G
               +---------+---------+-------+---------+---------+-------+---------
         Total |       0 |     526 |   0.0 |       0 |     103 |   0.0 |  4689
               +---------+---------+-------+---------+---------+-------+---------
           D:1 |       0 |      89 |   0.0 |       0 |      41 |   0.0 |   803
           D:2 |       0 |      32 |   0.0 |       0 |      11 |   0.0 |   481
           D:3 |       0 |     116 |   0.0 |       0 |      31 |   0.0 |  1133
           D:4 |       0 |      20 |   0.0 |       0 |       4 |   0.0 |   292
           D:5 |       0 |     269 |   0.0 |       0 |      16 |   0.0 |  1971
               +---------+---------+-------+---------+---------+-------+---------
